Map: 蓝移-天梯版

Players

Glaceon

  • Race: Terran Terran
  • League: Diamond

电脑难度(专家) - Winner!

  • Race: Zerg Zerg

VOD

Have the link to the VOD?

Description

Time

  • Played on: Aug. 25, 2018, 10:48 a.m.
  • Length: 7:09
Show
View Real Time Build Order
Export as new Build Order

Glaceon Terran 

Build Orders: Reaper Expand, MMM Bio 

Get SALT Encoding   

  12  0:01  SCV  
  13  0:13  SCV  
  14  0:17  Supply Depot  
  14  0:25  SCV  
  15  0:38  SCV  
  15  0:40  Barracks  
  16  0:44  Refinery  
  16  0:50  SCV  
  17  1:03  SCV  
  18  1:15  SCV  
  19  1:27  Orbital Command  
  19  1:28  Reaper  
  20  1:39  Command Center  
  20  1:50  Barracks  
  20  1:53  SCV  
  21  2:00  Barracks Reactor  
  21  2:07  Supply Depot, SCV  
  22  2:11  Refinery  
  22  2:19  SCV  
  23  2:24  Factory  
  23  2:31  SCV  
  24  2:37  Marine x2  
  24  2:38  Barracks Tech Lab  
  24  2:43  SCV  
  27  2:51  Orbital Command  
  27  2:56  Stimpack  
  27  2:58  Marine  
  28  3:00  Marine  
  28  3:02  SCV  
  30  3:12  Starport  
  30  3:15  SCV  
  30  3:16  Marine  
  30  3:19  SCV  
  33  3:20  Marine  
  33  3:23  Factory Reactor  
  33  3:26  Marine  
  35  3:28  SCV  
  36  3:35  Supply Depot, Marine  
  36  3:36  SCV  
  36  3:39  Marine  
  39  3:41  SCV  
  39  3:43  Marine  
  41  3:52  SCV  
  41  3:53  Marine  
  43  3:58  Supply Depot  
  43  3:59  Supply Depot  
  43  4:04  Medivac x2  
  43  4:05  Marine x2  
  43  4:06  SCV  
  43  4:09  SCV  
  51  4:11  Marine  
  52  4:19  SCV  
  52  4:23  Marine x2  
  55  4:25  SCV  
  55  4:29  Marine  
  57  4:31  SCV  
  57  4:35  Engineering Bay  
  57  4:36  Engineering Bay  
  57  4:37  SCV  
  59  4:39  Refinery, Medivac  
  59  4:40  Marine x2  
  59  4:43  SCV  
  59  4:44  Supply Depot  
  64  4:49  SCV, Factory Tech Lab  
  65  4:55  SCV  
  65  4:56  Marine  
  67  5:01  Combat Shields  
  67  5:03  Terran Infantry Weapons Level 1  
  67  5:08  SCV x2  
  67  5:12  Supply Depot  
  69  5:16  Command Center  
  69  5:19  Marine, Refinery  
  69  5:21  Marine  
  71  5:22  Marine  
  72  5:29  Siege Tank  
  72  5:32  SCV x2  
  77  5:42  Supply Depot  
  77  5:44  SCV  
  77  5:45  Supply Depot  
  77  5:46  SCV  
  77  5:48  Medivac  
  81  5:51  Marine x2  
  81  5:52  Marine  
  85  5:57  Barracks, SCV  
  85  5:58  SCV  
  86  6:05  Barracks  
  86  6:07  Siege Tank  
  86  6:09  Supply Depot  
  89  6:12  Supply Depot  
  89  6:15  SCV  
  89  6:16  SCV  
  91  6:20  Marine x2  
  91  6:22  Concussive Shells  
  91  6:24  Marauder  
  101  6:34  Supply Depot  
  101  6:37  SCV  
  102  6:44  SCV  
  103  6:50  Marine x2  
  103  6:53  Barracks Tech Lab  
  103  6:54  Barracks Reactor  
  107  7:08  Armory  
Show
View Real Time Build Order
Export as new Build Order

电脑难度(专家) Zerg - Winner!

Build Orders: Hatch First 

Get SALT Encoding   

  12  0:00  Drone  
  13  0:12  Overlord  
  13  0:16  Drone  
  14  0:30  Drone x2  
  14  0:34  Drone  
  17  0:54  Hatchery  
  17  0:55  Drone  
  17  1:11  Spawning Pool  
  16  1:12  Extractor  
  16  1:14  Drone  
  16  1:18  Drone  
  17  1:21  Extractor  
  17  1:24  Drone  
  17  1:28  Drone  
  18  1:38  Drone  
  19  1:49  Overlord  
  19  1:59  Queen  
  19  2:01  Zergling x2  
  22  2:06  Drone  
  23  2:23  Queen  
  23  2:28  Drone  
  26  2:32  Drone  
  26  2:35  Drone  
  28  2:40  Drone  
  29  2:55  Roach Warren  
  29  2:57  Drone  
  29  3:00  Drone  
  29  3:04  Zergling x2  
  31  3:07  Zergling x2  
  32  3:14  Overlord  
  32  3:17  Drone  
  32  3:19  Drone  
  34  3:35  Roach  
  34  3:36  Roach x2  
  34  3:38  Roach  
  42  3:43  Lair  
  42  3:48  Overlord  
  42  3:53  Overlord  
  42  3:55  Zergling x2  
  42  3:59  Zergling x2  
  44  4:06  Drone x2, Zergling x2  
  44  4:08  Drone  
  48  4:11  Drone  
  48  4:13  Drone  
  50  4:17  Overlord  
  50  4:22  Roach  
  52  4:26  Roach  
  52  4:29  Roach  
  56  4:32  Roach  
  56  4:36  Overlord  
  58  4:42  Hydralisk Den, Drone  
  58  4:44  Drone  
  59  4:47  Drone  
  59  4:50  Roach  
  62  4:53  Roach  
  62  4:57  Overlord  
  64  5:04  Drone  
  64  5:06  Drone  
  66  5:08  Drone  
  66  5:10  Drone  
  66  5:12  Hydralisk, Drone  
  71  5:15  Hydralisk  
  71  5:19  Hydralisk  
  75  5:23  Overlord  
  75  5:27  Hydralisk  
  77  5:29  Drone  
  77  5:30  Drone  
  77  5:33  Drone  
  77  5:34  Drone  
  81  5:37  Drone  
  81  5:38  Drone  
  81  5:39  Drone  
  84  5:43  Overlord  
  84  5:45  Drone  
  84  5:49  Hydralisk  
  87  5:51  Hydralisk  
  89  6:01  Overlord  
  89  6:02  Baneling Nest  
  89  6:03  Drone  
  89  6:08  Evolution Chamber  
  89  6:10  Drone  
  89  6:16  Hatchery  
  88  6:21  Drone  
  89  6:31  Ravager  
  89  6:32  Ravager, Evolution Chamber  
  90  6:35  Evolution Chamber  
  90  6:36  Roach  
  90  6:39  Hydralisk  
  93  6:42  Hydralisk  
  95  6:47  Baneling x2  
  95  6:48  Baneling  
  95  6:51  Drone, Extractor  
  95  6:52  Baneling, Extractor  
  95  6:53  Drone  
Tags
 
Add a new tag
Caveats
  • Supply blocks, unpowered buildings, or Contaminate may cause inaccurate times.
  • Supply counts are checked every 10 seconds.